AoeStats
← willrhyd

Arena

507353679Analyzed
4v4 RM · 14d ago on Sep 17, 2026· 47m 40s· 8 players
Game mode
Random Map
Map size
Large (8 player)
Population
200
Speed
Normal
Resources
Standard
Victory
Conquest
Starting age
Dark Age
Ending age
Imperial Age
RankedLock teamsTeams togetherTeam positionsShared explorationLock speedFull tech treeHidden civsTurbo modeCheats
Victory
Defeat
🇬🇧 Persians · United Kingdom
1349
+15
🇮🇳 Bohemians · India
1342
+15
🇭🇷 Teutons · Croatia
1297
+17
1282
+18
🇦🇷 Dravidians · Argentina
1333
-17
🇹🇷 Dravidians · Türkiye
1324
-16
🇨🇴 Italians · Colombia
1321
-16
🇸🇪 Malians · Sweden
1310
-16
Jardel
10:53 Feudal Age
14:49 Castle Age
17:45 Loom
18:54 Horse Collar
23:21 Heavy Plow
24:10 Double-Bit Axe
25:03 Bow Saw
26:18 Wheelbarrow
26:12 Gold Mining
28:42 Bloodlines
28:54 Husbandry
29:01 Scale Barding Armor
31:29 Imperial Age
30:02 Chain Barding Armor
29:31 Treadmill Crane
31:38 Forging
31:35 Heavy Camel Rider
33:15 Plate Barding Armor
33:09 Conscription
34:05 Iron Casting
34:42 Fletching
37:18 Farimba
41:13 Murder Holes
41:17 Bodkin Arrow
lukardo
9:04 Loom
11:08 Feudal Age
10:31 Loom
15:00 Castle Age
13:08 Double-Bit Axe
13:04 Horse Collar
16:34 Heavy Plow
21:58 Fletching
22:47 Fervor
25:42 Bow Saw
27:18 Bodkin Arrow
31:35 Imperial Age
29:23 Padded Archer Armor
29:32 Gold Mining
30:21 Ballistics
30:48 Wheelbarrow
30:53 Masonry
30:54 Fortified Wall
31:19 Squires
32:31 Hand Cart
32:39 Bracer
33:01 Conscription
33:11 Thumb Ring
33:24 Scale Mail Armor
34:58 Chemistry
34:25 Chain Mail Armor
34:33 Leather Archer Armor
35:57 Two-Man Saw
35:28 Crop Rotation
35:53 Plate Mail Armor
36:13 Forging
38:29 Caravan
41:06 Iron Casting
42:24 Ring Archer Armor
42:55 Blast Furnace
41:22 Elite Skirmisher
41:57 Pikeman
?
10:35 Feudal Age
14:40 Castle Age
12:53 Double-Bit Axe
12:51 Horse Collar
15:31 Heavy Plow
15:48 Bow Saw
15:53 Loom
20:31 Wheelbarrow
22:25 Gold Mining
22:50 Stone Mining
23:34 Hand Cart
23:05 Town Watch
28:14 Imperial Age
26:52 Fletching
27:25 Ballistics
27:32 Bodkin Arrow
27:38 Padded Archer Armor
28:27 Scale Barding Armor
30:07 Chemistry
29:10 Bracer
29:38 Husbandry
29:06 Elite Elephant Archer
29:52 Thumb Ring
32:40 Conscription
32:29 Medical Corps
33:13 Masonry
34:23 Leather Archer Armor
34:29 Chain Barding Armor
34:19 Forging
34:57 Onager
35:20 Light Cavalry
36:40 Coinage
36:39 Murder Holes
40:10 Ring Archer Armor
40:16 Iron Casting
39:50 Elite Skirmisher
42:06 Two-Man Saw
LordofSun
7:15 Loom
11:21 Feudal Age
15:04 Castle Age
13:47 Double-Bit Axe
13:44 Horse Collar
13:55 Gold Mining
15:08 Man-at-Arms
16:17 Bow Saw
15:56 Gambesons
19:34 Long Swordsman
21:20 Squires
21:56 Devotion
22:52 Wheelbarrow
24:08 Scale Mail Armor
24:33 Heavy Plow
26:34 Chain Mail Armor
27:01 Forging
31:14 Imperial Age
28:37 Fletching
30:00 Bodkin Arrow
30:30 Padded Archer Armor
31:46 Ballistics
31:34 Stone Mining
32:25 Thumb Ring
33:06 Bracer
34:13 Chemistry
39:24 Hand Cart
Lorazepam "Hogg Zogg" Salad Dog
10:59 Feudal Age
14:44 Castle Age
13:34 Double-Bit Axe
13:38 Horse Collar
22:24 Bow Saw
22:30 Fervor
24:25 Sanctity
23:29 Light Cavalry
24:09 Stone Mining
24:09 Gold Mining
25:21 Wheelbarrow
25:28 Heavy Plow
27:36 Hand Cart
27:07 Loom
28:17 Gold Shaft Mining
28:02 Town Watch
32:31 Imperial Age
29:59 Fletching
30:09 Padded Archer Armor
31:02 Bloodlines
30:53 Husbandry
30:52 Bodkin Arrow
31:43 Thumb Ring
32:42 Leather Archer Armor
32:03 Elite Skirmisher
33:19 Ballistics
33:16 Bracer
34:05 Ring Archer Armor
34:37 Chemistry
33:41 Recurve Bow
35:07 Two-Man Saw
34:39 Crop Rotation
34:45 Conscription
34:59 Parthian Tactics
35:53 Masonry
35:48 Siege Engineers
35:22 Heavy Cavalry Archer
36:27 Corvinian Army
37:54 Scale Barding Armor
37:56 Siege Engineers
39:10 Hoardings
40:52 Chain Barding Armor
41:00 Elite Magyar Huszar
42:18 Plate Barding Armor
Maus
10:17 Feudal Age
17:20 Castle Age
15:38 Horse Collar
16:11 Stone Mining
17:29 Double-Bit Axe
18:54 Loom
20:16 Gold Mining
22:28 Wheelbarrow
23:47 Hand Cart
24:10 Fletching
24:58 Elite Skirmisher
26:39 Scale Mail Armor
27:17 Forging
28:28 Heavy Plow
28:48 Bow Saw
28:39 Padded Archer Armor
29:12 Squires
28:59 Arson
30:05 Ballistics
30:52 Stone Shaft Mining
31:50 Leather Archer Armor
31:03 Man-at-Arms
32:14 Chain Mail Armor
32:18 Bodkin Arrow
33:17 Iron Casting
33:08 Pikeman
34:36 Fortified Wall
37:11 Imperial Age
34:28 Long Swordsman
39:23 Plate Mail Armor
39:54 Blast Furnace
39:25 Ring Archer Armor
39:03 Gambesons
40:14 Conscription
39:17 Two-Handed Swordsman
39:21 Halberdier
42:00 Chemistry
42:26 Crenellations
43:49 Two-Man Saw
willrhyd
11:17 Feudal Age
14:58 Castle Age
13:25 Double-Bit Axe
13:46 Horse Collar
16:17 Bow Saw
17:01 Wheelbarrow
16:42 Heavy Plow
21:22 Wheelbarrow
23:15 Hand Cart
23:55 Gold Mining
24:27 Scale Barding Armor
24:32 Forging
25:00 Bloodlines
26:04 Chain Barding Armor
31:13 Imperial Age
29:19 Pikeman
29:59 Squires
30:00 Scale Mail Armor
30:36 Iron Casting
30:24 Husbandry
31:23 Gold Shaft Mining
30:59 Cavalier
32:15 Plate Barding Armor
31:59 Loom
31:54 Halberdier
32:59 Chain Mail Armor
33:45 Blast Furnace
34:46 Plate Mail Armor
35:13 Town Watch
35:07 Savar
37:31 Fletching
38:36 Conscription
39:19 Bodkin Arrow
41:24 Arson
42:48 Padded Archer Armor
44:29 Chemistry
43:40 Masonry
47:15 Caravan
XxBuzzXx
10:45 Feudal Age
14:35 Castle Age
12:43 Double-Bit Axe
12:49 Horse Collar
15:48 Bow Saw
16:32 Sanctity
16:47 Fervor
18:02 Wheelbarrow
23:52 Loom
27:14 Imperial Age
25:54 Padded Archer Armor
27:50 Chemistry
28:10 Leather Archer Armor
30:37 Ring Archer Armor
30:29 Hand Cart
34:25 Wagenburg Tactics
34:41 Conscription
35:04 Houfnice
38:04 Forging
37:46 Fletching
39:19 Siege Engineers
41:16 Elite Skirmisher
41:53 Bodkin Arrow
42:18 Squires
43:04 Bracer
42:28 Pikeman
43:45 Iron Casting
43:11 Scale Mail Armor
43:04 Halberdier
45:13 Ballistics
Connection lost

Rejoining the realm…

Still unreachable

The connection could not be restored.

Session expired

The server has moved on; the page needs a fresh start.